 Dungeon Crawl Stone Soup version 0.32-a0-909-gc671339a80 (webtiles) character file.

Game seed: 8786784486485313714

63669 Biggs the Marksgoblin (level 15, -7/119 HPs)
             Began as a Coglin Hunter on Apr 7, 2024.
             Was the Champion of Okawaru.
             Engulfed by a swamp dragon's poison gas (9 damage)
             ... on level 1 of the Swamp.
             The game lasted 00:35:41 (18287 turns).

Biggs the Marksgoblin (Coglin Hunter)              Turns: 18287, Time: 00:35:41

Health: -7/119     AC: 12    Str: 12    XL:     15   Next: 10%
Magic:  18/19      EV: 19    Int: 10    God:    Okawaru [******]
Gold:   982        SH:  0    Dex: 23    Spells: 14/14 levels left

rFire   . . .        k - +6 hand cannon (freeze) {Agam}
rCold   + . .        a - +2 sling {Fatehjeet}
rNeg    . . .        O - +1 troll leather armour
rPois   .            F - +0 helmet
rElec   .            H - +2 cloak
rCorr   .            M - +0 pair of gloves "Uqakiag" {Will+}
SInv    .            m - +2 pair of boots {Fly}
Will    ++...        (amulet unavailable)
Stlth   +            (ring unavailable)
HPRegen 1.19/turn    (ring unavailable)
MPRegen 0.16/turn    P - tuning actuator {rC+ Slay+3 Clar RMsl}

%: repel missiles, clarity
@: confused, lethally poisoned (-7 -> -51), ambrosia-drunk, flying, revved
A: off-hand wielding, slow wielding, warmup strikes, no jewellery
a: Renounce Religion, Heroism, Finesse, Duel


You were on level 1 of the Swamp.
You worshipped Okawaru.
Okawaru was exalted by your worship.
You visited 4 branches of the dungeon, and saw 17 of its levels.

You collected 982 gold pieces.

Inventory:

Hand Weapons
 a - a +2 sling (offhand) {Fatehjeet}
 d - a +0 sling {Preben}
 k - a +6 hand cannon of freezing (weapon) {Agam}
Missiles
 y - 2 throwing nets
Armour
 m - a +2 pair of boots of flying (worn)
 F - a +0 helmet (worn)
 H - a +2 cloak (worn)
 M - the +0 pair of gloves "Uqakiag" (worn) {Will+}
   (Okawaru gifted it to you on level 3 of the Lair of Beasts)

   Will+:     It increases your willpower.
 O - a +1 troll leather armour (worn)
Gizmo
 P - a tuning actuator (installed) {rC+ Slay+3 Clar RMsl}
   (You invented it yourself on level 5 of the Lair of Beasts)

   [tuning actuator]

   Slay+3:    It affects your accuracy & damage with ranged weapons and melee
   (+3).
   rC+:       It protects you from cold.
   Clar:      It protects you from confusion, rage, mesmerisation and fear.
   RMsl:      It protects you from missiles.
Wands
 c - a wand of digging (6)
 i - a wand of polymorph (5)
 w - a wand of flame (36)
 z - a wand of mindburst (4)
 C - a wand of charming (16)
 E - a wand of iceblast (10)
 Q - a wand of light (8)
Scrolls
 b - a scroll of butterflies
 e - 3 scrolls of teleportation
 g - 4 scrolls of poison
 j - 3 scrolls of vulnerability
 l - 4 scrolls of blinking
 s - 2 scrolls of immolation
 t - a scroll of fear
 v - 7 scrolls of fog
 B - a scroll of torment
 D - 2 scrolls of noise
 I - a scroll of brand weapon
 J - 2 scrolls of identify
 K - 2 scrolls of amnesia
 L - a scroll of revelation
 N - a scroll of silence
 R - a scroll of enchant armour
Potions
 f - 3 potions of ambrosia
 h - a potion of might {unknown}
 n - 2 potions of berserk rage {unknown}
 o - a potion of haste {unknown}
 p - 3 potions of curing {unknown}
 q - a potion of brilliance {unknown}
 r - a potion of degeneration {unknown}
 u - 6 potions of attraction {unknown}
 x - a potion of resistance {unknown}
 A - 5 potions of lignification {unknown}
 G - 2 potions of cancellation {unknown}


   Skills:
 - Level 11.2 Fighting
 - Level 18.0 Ranged Weapons
 - Level 10.5 Dodging
 - Level 0.7 Stealth
 + Level 5.4 Invocations
 - Level 8.0 Evocations


You had 14 spell levels left.
You didn't know any spells.
Your spell library contained the following spells:

 Spells                   Type           Power      Damage    Failure   Level
 Apportation              Tloc           0%         N/A       43%         1
 Foxfire                  Conj/Fire      0%         2x1d4     43%         1
 Kiss of Death            Conj/Necr      0%         2d5       43%         1
 Magic Dart               Conj           0%         1d3       43%         1
 Necrotise                Necr           0%         1d4       43%         1
 Sting                    Conj/Alch      0%         1d3       43%         1
 Scorch                   Fire           0%         2d5       58%         2
 Searing Ray              Conj           0%         2d4       58%         2
 Confusing Touch          Hex            0%         N/A       82%         3
 Dazzling Flash           Conj/Hex       0%         N/A       82%         3
 Fugue of the Fallen      Necr           0%         N/A       82%         3
 Mephitic Cloud           Conj/Alch/Air  0%         N/A       82%         3
 Ozocubu's Armour         Ice            0%         N/A       82%         3
 Vampiric Draining        Necr           0%         2d6       82%         3
 Brom's Barrelling Bould  Conj/Erth      0%         2d3       99%         4
 Dimensional Bullseye     Hex/Tloc       0%         N/A       99%         4
 Dispel Undead            Necr           0%         3d6       99%         4
 Flame Wave               Conj/Fire      0%         2d4       99%         4
 Fulminant Prism          Conj/Alch      0%         3d5       99%         4
 Iskenderun's Mystic Bla Conj/Tloc 0%             2d3        (+2d1     99%         4
 Curse of Agony           Necr           0%         N/A       100%        5
 Fireball                 Conj/Fire      0%         3d3       100%        5
 Iskenderun's Battlesphe  Conj           0%         2d6       100%        5
 Silence                  Hex/Air        0%         N/A       100%        5
 Conjure Ball Lightning   Conj/Air       0%         3x3d6     100%        6
 Plasma Beam              Fire/Air       0%         2x1d10    100%        6
 Starburst                Conj/Fire      0%         6d3       100%        6
 Manifold Assault         Tloc           0%         N/A       100%        7
 Orb of Destruction       Conj           0%         9d5       100%        7
 Summon Small Mammal      Summ           Unusable   N/A       N/A         1
 Tukima's Dance           Hex            Unusable   N/A       N/A         3
 Martyr's Knell           Necr/Summ      Unusable   N/A       N/A         4
 Summon Cactus Giant      Summ           Unusable   N/A       N/A         6

Dungeon Overview and Level Annotations

Branches:
Dungeon (10/15)            Temple (1/1) D:7            Lair (5/5) D:10
  Swamp (1/4) Lair:2        Snake (0/4) Lair:2        Slime (0/5) Lair:4
    Orc: D:9-12

Altars:
Ashenzari
Cheibriados
Dithmenos
Elyvilon
Fedhas
Gozag
Hepliaklqana
Kikubaaqudgha
Makhleb
Nemelex Xobeh
Okawaru
Qazlal
Ru
Sif Muna
Trog
Uskayaw
Vehumet
Wu Jian
Xom
Yredelemnul
Zin
The Shining One
Jiyva

Shops:
D:10 :

Annotations:
D:9 3 runed translucent doors, yleetSyT's ghost, journeyman CoDe
Lair:1 1 runed translucent door, ShatteredShell's ghost, journeyman CoHu
Lair:5 1 runed translucent door, asd2613's ghost, journeyman TrMo
Swamp:1 Jorgrun


Innate Abilities, Weirdness & Mutations

You can wield a second weapon in your off-hand.
It takes a long time for you to wield or remove held weapons.
Your first few attacks do less damage.
You cannot equip rings or amulets.


Message History

Fire: k) +6 hand cannon (freeze) {Agam}
Press: ? - help, Q - select action, (/) - cycle Shift-Dir - straight line, f/p - swamp dragon
Aim: a swamp dragon (poison gas, heavily wounded, catching its breath, 84% to hit)
You shoot a sling bullet.
The sling bullet hits the swamp dragon but does no damage.
The swamp dragon is heavily wounded.
You shoot a slug. The slug hits the swamp dragon!!
The slug freezes the swamp dragon.
The swamp dragon is almost dead.
You are engulfed in poison gas.
You are more poisoned.
* * * LOW HITPOINT WARNING * * *
x2 You feel very sick.
The swamp dragon bites you but does no damage.
The swamp dragon barely misses you. The swamp dragon closely misses you.
Unknown command.
Unknown command.
Okay, then.
Fire: k) +6 hand cannon (freeze) {Agam}
Press: ? - help, Q - select action, (/) - cycle Shift-Dir - straight line, f/p - swamp dragon
Aim: a swamp dragon (poison gas, almost dead, 84% to hit)
You shoot a sling bullet. The sling bullet hits the swamp dragon!
The swamp dragon is almost dead.
You shoot a slug.
The slug closely misses the swamp dragon.
You are engulfed in poison gas.
You are lethally poisoned!
* * * LOW HITPOINT WARNING * * *
x2 You feel extremely sick.
The swamp dragon breathes poison at you.
The blast of poison engulfs you.
You are more poisoned.
* * * LOW HITPOINT WARNING * * *
Unknown command.
Okay, then.
It was a potion of ambrosia.
You are confused.
You feel invigorated.
You are engulfed in poison gas.
You are more poisoned.
You die...

# .§~~ .~. ♣♣.~.~~.~..~♣.~~~
..##v.~..~. ♣.~~~..~~§~...~~~
....#..♣~~ ♣~~~~..~~~~[...~.
......(.~♣♣♣♣♣♣....§.~......♣
....§~§~.♣♣♣♣~.......♣.~~..
#..†~~~..~♣~...~~..~~~~~.
#.~~~~~...♣♣♣♣♣...♣.~~~~.
#..~~~~~D○○.♣ ♣~♣♣♣.....♣
~.~..~†~~~○○@○.♣ ♣~.......♣♣
.~~.~~§~~~~○♣♣♣♣♣ ♣♣~~)~~.♣♣
~~~~~~....°.♣ ♣..♣♣<§[~~.♣♣♣
~~.......~.~~. ♣~.~.♣.~~...§.
~~....♣♣..^♣♣♣♣♣♣~~.~.~~.~..~
...... ♣♣.♣♣ ♣~~~~~~~....~ ♣♣
♣.~~~~~~~~~.. ♣♣..~~~~~~~..
♣♣♣.~~§~~..♣♣


You could see a swamp dragon.

Vanquished Creatures
  A tentacled starspawn (Lair:3)
  A bunyip (Lair:2)
  2 eleionomae
  7 hydras
  An alligator (Swamp:1)
  An ogre mage (D:10)
  A catoblepas (Lair:5)
  9 death yaks (Lair:5)
  3 boulder beetles
  A deep troll shaman (Lair:5)
  7 two-headed ogres
  Urug (Lair:1)
  Nergalle (Lair:1)
  A fire crab (Lair:5)
  A skyshark (Lair:4)
  2 spriggan druids (Swamp:1)
  2 bog bodies (Swamp:1)
  A lindwurm (Lair:5)
  Pikel (D:9)
  A will-o-the-wisp (Swamp:1)
  4 black mambas (Lair:1)
  9 elephants
  A smoke demon (D:9)
  A torpor snail (Lair:5)
  4 rime drakes
  15 cane toads
  Jeremiah (D:6)
  5 komodo dragons
  2 red devils (D:9)
  A hellwing (D:9)
  7 polar bears
  A troll (D:8)
  5 hornets
  Prince Ribbit (D:5)
  9 blink frogs
  11 dream sheep
  5 tyrant leeches
  A shadow (D:8)
  A slime creature (Lair:4)
  A wraith (D:9)
  6 spriggans
  4 wyverns
  A human (Lair:3)
  43 yaks
  2 steam dragons
  2 basilisks
  5 swamp worms
  18 water moccasins
  A black bear (Lair:5)
  4 orc warriors
  An ice beast (D:6)
  2 sky beasts
  17 wolves
  3 centaurs
  5 ogres
  2 lemures (D:9)
  A phantom (D:4)
  2 kobold brigands
  16 bullfrogs
  3 scorpions
  9 wights (D:9)
  5 killer bees (D:9)
  A bombardier beetle (D:4)
  6 orc priests
  A hound (D:5)
  4 jellies
  2 gnoll boudas
  6 iguanas
  2 sleepcaps
  8 orc wizards
  8 gnolls
  16 adders
  A shadow imp (D:7)
  A dart slug (D:2)
  4 ribbon worms
  23 orcs
  9 ball pythons
  4 bats
  10 endoplasms
  5 giant cockroaches
  4 goblins
  11 hobgoblins
  16 kobolds
  3 quokkas
  4 frilled lizards
  8 rats
439 creatures vanquished.

Vanquished Creatures (others)
  A human (D:3)
  2 foxfires (Swamp:1)
3 creatures vanquished.

Grand Total: 442 creatures vanquished

Notes
Turn   | Place    | Note
-------+----------+-------------------------------------------
     0 | D:1      | Biggs the Coglin Hunter began the quest for the Orb.
     0 | D:1      | Reached XP level 1. HP: 16/16 MP: 1/1
   102 | D:1      | Reached skill level 4 in Ranged Weapons
   102 | D:1      | Reached XP level 2. HP: 22/22 MP: 2/2
   356 | D:1      | Reached XP level 3. HP: 27/27 MP: 3/3
   810 | D:2      | Reached skill level 5 in Ranged Weapons
   810 | D:2      | Reached XP level 4. HP: 32/33 MP: 4/4
  1432 | D:3      | Found an ancient bone altar of Kikubaaqudgha.
  1440 | D:3      | Noticed a human
  1442 | D:3      | Killed a human
  1446 | D:3      | Found a faded altar of an unknown god.
  1630 | D:3      | Reached XP level 5. HP: 38/38 MP: 5/5
  2040 | D:3      | Found a hide-covered altar of Uskayaw.
  2339 | D:4      | Reached skill level 6 in Ranged Weapons
  2421 | D:4      | Noticed a phantom
  2432 | D:4      | Killed a phantom
  2433 | D:4      | Reached XP level 6. HP: 40/44 MP: 6/6
  2791 | D:5      | Entered Level 5 of the Dungeon
  2813 | D:5      | Reached skill level 7 in Ranged Weapons
  2817 | D:5      | Reached XP level 7. HP: 29/50 MP: 7/7
  3140 | D:5      | Noticed Prince Ribbit
  3154 | D:5      | Reached skill level 8 in Ranged Weapons
  3163 | D:5      | Killed Prince Ribbit
  3164 | D:5      | Reached skill level 9 in Ranged Weapons
  3164 | D:5      | Reached XP level 8. HP: 32/57 MP: 8/8
  3355 | D:5      | Identified the +2 morningstar of the Old World {venom,
                  | rCorr Dex-4 Stlth+}
  3454 | D:5      | Found a glowing silver altar of Zin.
  3907 | D:6      | Noticed Jeremiah
  3946 | D:6      | Killed Jeremiah
  3947 | D:6      | Reached skill level 5 in Fighting
  4155 | D:6      | Reached XP level 9. HP: 54/68 MP: 9/9
  4160 | D:6      | Reached skill level 5 in Dodging
  4445 | D:6      | Found a sparkling altar of Nemelex Xobeh.
  5175 | D:7      | Noticed a two-headed ogre
  5259 | D:7      | Reached skill level 5 in Evocations
  5265 | D:7      | Found a shimmering blue altar of Sif Muna.
  5512 | D:7      | Found a staircase to the Ecumenical Temple.
  5518 | Temple   | Entered the Ecumenical Temple
  5528 | Temple   | Became a worshipper of Warmaster Okawaru
  5624 | D:7      | Killed a two-headed ogre
  5625 | D:7      | Reached skill level 10 in Ranged Weapons
  5625 | D:7      | Reached XP level 10. HP: 66/74 MP: 10/10
  5661 | D:8      | Noticed a boulder beetle
  5679 | D:7      | Reached * piety under Okawaru
  5841 | D:7      | Reached skill level 11 in Ranged Weapons
  6208 | D:8      | Killed a boulder beetle
  6328 | D:8      | Reached ** piety under Okawaru
  6329 | D:8      | Reached skill level 12 in Ranged Weapons
  6978 | D:9      | Noticed a boulder beetle
  7081 | D:9      | Noticed a two-headed ogre
  7091 | D:9      | Killed a two-headed ogre
  7091 | D:9      | Reached *** piety under Okawaru
  7092 | D:9      | Reached XP level 11. HP: 40/79 MP: 11/11
  7302 | D:9      | Reached skill level 13 in Ranged Weapons
  7561 | D:9      | Noticed yleetSyT's ghost (journeyman CoDe)
  8234 | D:9      | Noticed Pikel
  8243 | D:9      | Killed Pikel
  8243 | D:9      | Reached **** piety under Okawaru
  8315 | D:9      | Found a runed translucent gate.
  8315 | D:9      | Found a runed translucent gate.
  8323 | D:9      | Killed a boulder beetle
  8479 | D:9      | Found a runed translucent gate.
  8704 | D:10     | Entered Level 10 of the Dungeon
  8721 | D:10     | Found Nuxilig's Book Boutique.
  8836 | D:10     | Noticed a two-headed ogre
  8852 | D:10     | Killed a two-headed ogre
  8852 | D:10     | Reached ***** piety under Okawaru
  8972 | D:10     | Noticed a two-headed ogre
  8984 | D:10     | Killed a two-headed ogre
  9156 | D:10     | Found a staircase to the Lair.
  9308 | D:10     | Noticed a two-headed ogre
  9311 | D:10     | Noticed an ogre mage
  9314 | D:10     | Noticed a two-headed ogre
  9317 | D:10     | Noticed a two-headed ogre
  9317 | D:10     | Noticed a two-headed ogre
  9331 | Lair:1   | Entered Level 1 of the Lair of Beasts
  9768 | D:9      | Killed a two-headed ogre
  9769 | D:9      | Reached skill level 10 in Fighting
  9790 | D:9      | Killed a two-headed ogre
  9790 | D:9      | Received a gift from Okawaru
  9791 | D:9      | Reached XP level 12. HP: 87/97 MP: 12/12
  9887 | D:10     | Killed an ogre mage
 10012 | D:10     | Noticed a two-headed ogre
 10027 | D:10     | Killed a two-headed ogre
 10181 | D:10     | Found a glowing golden altar of the Shining One.
 10304 | Lair:1   | Reached skill level 14 in Ranged Weapons
 10684 | Lair:1   | Noticed Urug
 10712 | Lair:1   | Killed Urug
 11048 | Lair:1   | Noticed Nergalle
 11079 | Lair:1   | Received a gift from Okawaru
 11173 | Lair:1   | Killed Nergalle
 11916 | Lair:1   | Found a runed translucent door.
 11921 | Lair:1   | Noticed ShatteredShell's ghost (journeyman CoHu)
 12183 | Lair:1   | Found the +8 whip "Snakebite" {venom, curare, rPois}
 12315 | Lair:1   | Reached skill level 10 in Dodging
 12315 | Lair:1   | Reached XP level 13. HP: 85/103 MP: 13/13
 12895 | Lair:2   | Received a gift from Okawaru
 13331 | Lair:2   | Found a staircase to the Snake Pit.
 13572 | Lair:2   | Found a staircase to the Swamp.
 13886 | Lair:3   | Reached ****** piety under Okawaru
 13974 | Lair:3   | Acquired the +0 pair of gloves "Uqakiag" {Will+}
 13974 | Lair:3   | Received a gift from Okawaru
 13989 | Lair:3   | Acquired a +5 hand cannon of freezing
 13989 | Lair:3   | Received a gift from Okawaru
 14251 | Lair:3   | Identified the +6 flail of the Changing Gods {vamp, Int+3}
 14619 | Lair:3   | Found a runed translucent door.
 14622 | Lair:3   | Noticed a tentacled starspawn
 14635 | Lair:3   | Killed a tentacled starspawn
 14971 | Lair:4   | Received a gift from Okawaru
 14981 | Lair:4   | Reached skill level 15 in Ranged Weapons
 14986 | Lair:4   | Found a staircase to the Slime Pits.
 14986 | Lair:4   | Found a viscous altar of Jiyva.
 15856 | Lair:5   | Entered Level 5 of the Lair of Beasts
 16039 | Lair:4   | Reached XP level 14. HP: 49/113 MP: 14/14
 16291 | Lair:5   | Reached skill level 16 in Ranged Weapons
 16343 | Lair:5   | Received a gift from Okawaru
 16624 | Lair:5   | Reached skill level 17 in Ranged Weapons
 16769 | Lair:5   | Received a gift from Okawaru
 17294 | Lair:5   | Found a runed translucent door.
 17295 | Lair:5   | Noticed asd2613's ghost (journeyman TrMo)
 17735 | Lair:5   | Acquired a tuning actuator {rC+ Slay+3 Clar RMsl}
 17852 | Swamp:1  | Entered Level 1 of the Swamp
 17880 | Lair:2   | Received a gift from Okawaru
 17931 | Lair:2   | Reached skill level 18 in Ranged Weapons
 18010 | Swamp:1  | Reached skill level 1 in Invocations
 18010 | Swamp:1  | Noticed an eleionoma
 18018 | Lair:2   | Killed an eleionoma
 18257 | Swamp:1  | Noticed Jorgrun
 18258 | Swamp:1  | Noticed an eleionoma
 18264 | Swamp:1  | Killed an eleionoma
 18265 | Swamp:1  | Reached XP level 15. HP: 100/119 MP: 18/18
 18267 | Swamp:1  | Received a gift from Okawaru
 18273 | Swamp:1  | Reached skill level 5 in Invocations
 18286 | Swamp:1  | HP: 3/119 [poisoned by a swamp dragon (poison gas)]
 18287 | Swamp:1  | Engulfed by a swamp dragon's poison gas

Illustrated notes

Levels and vault maps discovered:
D:1:      evilmike_arrival_plus, layout_basic
D:2:      layout_loops_ring, serial_bayou, serial_bayou_pond_b,
          serial_bayou_crossing, serial_bayou_pond_b, serial_bayou_pond_b
D:3:      layout_basic, mainiacjoe_overflow_alcove_1, tgw_kikubaaqudgha,
          ebering_ecumenical_altar_petrified
D:4:      layout_rooms
D:5:      layout_loops_ring, zin_treasury, uniq_prince_ribbit1
D:6:      layout_cave_pools, general_overflow_altar, uniq_jeremiah
D:7:      layout_rooms, tgw_sif, minmay_temple_entry_fiery
D:8:      layout_rooms
D:9:      layout_roguey, gammafunk_ghost_icy, grunt_decor_arrowhead,
          nicolae_where_there's_smoke, uniq_pikel
D:10:     layout_gridville, lemuel_round_altar, lair_entry_dummy, serial_shops,
          nicolae_inconvenience_store
Temple:   nicolae_temple_elliptical
Lair:1:   minmay_guarded_unrand_snakebite, layout_chaotic_city,
          gammafunk_ghost_grave, uniq_urug, uniq_nergalle
Lair:2:   layout_gridlike, minmay_swamp_entry_worms, dummy_snake_entry
Lair:3:   layout_gridlike, pdpol_lair_cabin_in_the_woods
Lair:4:   layout_hall_layers, minmay_slime_entry_pillars
Lair:5:   grunt_lair_end_beastmaster, layout_loops_ring,
          ebering_ghost_inner_flame, serial_bayou_shore_b
Swamp:1:  layout_basic_swamp, evilmike_swamp_ruin_house_4, uniq_jorgrun

Skill      XL: |  1  2  3  4  5  6  7  8  9 10 11 12 13 14 15 |
---------------+----------------------------------------------+-----
Ranged Weapons | 4 5 6 7 9 10 12 13 14 15 18 | 18.0
Dodging        | 2 4 5 10 | 10.5
Fighting       | 5 10 11 | 11.2
Evocations     | 5 7 8 |  8.0
Invocations    | 4 5 |  5.4
Stealth        | |  0.7

Action                     |  1- 3 |  4- 6 |  7- 9 | 10-12 | 13-15 || total
---------------------------+-------+-------+-------+-------+-------++-------
   Fire: Sling             |   166 |   262 |   610 |  1638 |   857 ||  3533
         Hand cannon       |       |       |       |       |   433 ||   433
 Invoke: Receive Weapon    |       |       |       |       |     1 ||     1
         Receive Armour    |       |       |       |       |     1 ||     1
Ability: Invent Gizmo      |       |       |       |       |     1 ||     1
  Evoke: Wand              |       |       |     3 |    20 |     3 ||    26
    Use: Scroll            |       |       |     6 |    12 |     9 ||    27
         Potion            |       |       |       |     4 |     1 ||     5
 Armour: Leather armour    |    13 |    11 |       |       |       ||    24
         Acid dragon scale |       |    17 |    61 |   305 |    17 ||   400
         Steam dragon scal |       |       |       |       |   102 ||   102
         Skin              |       |       |       |       |     2 ||     2
         Troll leather arm |       |       |       |       |    64 ||    64
  Dodge: Dodged            |    10 |    23 |    84 |   330 |   265 ||   712
         Repelled          |       |       |       |       |     2 ||     2

Table legend: (Time is in decaauts)
 A = Elapsed time spent in this place.
 B = Non-inter-level travel time spent in this place.
 C = Inter-level travel time spent in this place.
 D = Time resting spent in this place.
 E = Time spent auto-exploring this place.
 F = Levels seen in this place.
 G = Mean time per level.
                   A        B        C        D        E       F      G
               +--------+--------+--------+--------+--------+-----+--------+
         Total |  18110 |  17469 |    641 |   1687 |  12731 |  17 | 1065.3 |
       Dungeon |  10217 |   9818 |    399 |    962 |   7045 |  10 | 1021.7 |
        Temple |     20 |      2 |     18 |      0 |      0 |   1 |   20.0 |
          Lair |   7630 |   7406 |    224 |    725 |   5528 |   5 | 1526.0 |
         Swamp |    241 |    241 |      0 |      0 |    158 |   1 |  241.0 |
               +--------+--------+--------+--------+--------+-----+--------+

Top non-repeatable levels by time:
  Lair:1: 2168 daAuts
     D:9: 1879 daAuts
  Lair:5: 1538 daAuts
  Lair:2: 1514 daAuts
  Lair:4: 1393 daAuts
    D:10: 1215 daAuts
     D:7: 1185 daAuts
     D:8: 1145 daAuts
  Lair:3: 1016 daAuts
     D:6: 998 daAuts
     D:5: 958 daAuts
     D:3: 894 daAuts
     D:2: 762 daAuts
     D:1: 634 daAuts
     D:4: 542 daAuts
